 Dungeon Crawl Stone Soup version 0.25.0-45-g978344163c (webtiles) character file.

Game seed: 11209506594043890321

60 Ethylacetat the Stinger (level 4, 0/36 HPs)
             Began as a Naga Venom Mage on July 11, 2020.
             Slain by a hound (4 damage)
             ... on level 4 of the Dungeon.
             The game lasted 00:05:26 (1857 turns).

Ethylacetat the Stinger (Naga Venom Mage)           Turns: 1857, Time: 00:05:27

Health: 0/36       AC:  2    Str: 11    XL:     4   Next: 4%
Magic:  1/7        EV: 10    Int: 16    God:
Gold:   42         SH:  0    Dex: 11    Spells: 7/8 levels left

rFire    . . .     SeeInvis +   (no weapon)
rCold    . . .     Gourm    .   (no shield)
rNeg     . . .     Faith    .   a - +0 robe
rPois    +         Spirit   .   (no helmet)
rElec    .         Reflect  .   (no cloak)
rCorr    .         Harm     .   (no gloves)
MR       .....                  (no barding)
Stlth    ++........             (no amulet)
HPRegen  0.12/turn              (no ring)
MPRegen  0.10/turn              (no ring)

@: very slow
A: large, see invisible, deformed body, poison resistance, slowness 2, slow
metabolism 1, spit poison 1, AC +1
a: Spit Poison


You were on level 4 of the Dungeon.
You were hungry.

You visited 1 branch of the dungeon, and saw 3 of its levels.

You collected 42 gold pieces.

Inventory:

Armour
 a - a +0 robe (worn)
Wands
 j - a wand of polymorph (10)
Scrolls
 d - 5 scrolls of identify {unknown}
 e - a scroll of fear {unknown}
 f - a scroll of enchant weapon {unknown}
 g - a scroll of teleportation {unknown}
 h - a scroll of blinking {unknown}
 i - a scroll of noise {unknown}
 k - a scroll of enchant armour {unknown}
 m - a scroll of magic mapping {unknown}
Potions
 b - a potion of brilliance
Comestibles
 c - 7 rations


   Skills:
 - Level 1.5 Dodging
 - Level 3.0 Stealth
 + Level 2.6 Spellcasting
 * Level 2.7 Transmutations
 + Level 4.6 Poison Magic


You had 7 spell levels left.
You knew the following spells:

 Your Spells              Type           Power        Failure   Level  Hunger
a - Sting                 Tmut/Pois      ##..         4%          1    #......

Your spell library contained the following spells:

 Spells                   Type           Power        Failure   Level  Hunger
 Poisonous Vapours        Pois/Air       #.....       12%         2    ##.....
 Ignite Poison            Fire/Tmut/Pois #.......     22%         3    ###....
 Olgreb's Toxic Radiance  Pois           ###.....     28%         4    #####..
 Mephitic Cloud           Conj/Pois/Air  #.......     30%         3    ###....


Dungeon Overview and Level Annotations

Branches:
Dungeon (2/15)

Altars:


Innate Abilities, Weirdness & Mutations

You cannot wear boots.
Your serpentine skin is tough. (AC +1)
You have supernaturally acute eyesight. (SInv)
Armour fits poorly on your strangely shaped body.
Your system is resistant to poisons. (rPois)
You cover ground very slowly.
You have a slow metabolism.
You can spit poison.


Message History

The hound bites you.
* * * LOW HITPOINT WARNING * * *
Casting: Sting (safe; 4% risk of failure)
Confirm with . or Enter, or press ? or * to list all spells.
Aiming: Sting (safe; 4% risk of failure)
Press: ? - help, Shift-Dir - straight line, f/p - hound
Aim: a hound (moderately wounded, very poisoned)
The sting misses the hound.
The hound bites you.
* * * LOW HITPOINT WARNING * * *
The hound bites you.
* * * LOW HITPOINT WARNING * * *
Casting: Sting (safe; 4% risk of failure)
Confirm with . or Enter, or press ? or * to list all spells.
Aiming: Sting (safe; 4% risk of failure)
Press: ? - help, Shift-Dir - straight line, f/p - hound
Aim: a hound (moderately wounded, very poisoned)
The sting hits the hound.
The hound looks even sicker.
The hound is heavily wounded.
The hound bites you.
You die...

###+##### ......[.# +#
........# #.# ........#
#.# ........#
############.# ....$..h#
#.........##.# .......@#
#.........##.#
........###.........##.#
..........'.........'...
....[...###.........##'#
......... #.........#...
####..... #.........#...
#.....##.........#...
#.....##.........#...
#.....############...


You could see a hound (very poisoned).

Vanquished Creatures
  An adder (D:2)
  An adder zombie (D:4)
  A worm (D:2)
  3 dart slugs
  4 leopard geckos
  2 ball pythons
  4 bats
  3 giant cockroaches (D:1)
  3 goblins
  3 hobgoblins (D:1)
  4 frilled lizards
  2 kobolds (D:2)
  4 rats
35 creatures vanquished.

Notes
Turn   | Place    | Note
-------+----------+-------------------------------------------
     0 | D:1      | Ethylacetat the Naga Venom Mage began the quest for the
                  | Orb.
     0 | D:1      | Reached XP level 1. HP: 15/15 MP: 3/3
    70 | D:1      | Reached XP level 2. HP: 2/22 MP: 3/5
   882 | D:1      | Reached XP level 3. HP: 26/28 MP: 6/6
  1484 | D:2      | You fall into a shaft and drop 2 floors!
  1506 | D:4      | HP: 1/28 [adder zombie (2)]
  1514 | D:4      | Reached XP level 4. HP: 2/36 MP: 4/7
  1857 | D:4      | Slain by a hound

Illustrated notes

Levels and vault maps discovered:
D:1:      mrwooster_arrival_statue, layout_rooms, minmay_curled_crystal
D:2:      layout_loops_corners, first_ration, minmay_small_reverse_x
D:4:      layout_basic, lemuel_crystal_altar

Skill      XL: |  1  2 |
---------------+-------+-----
Transmutations | 2 |  2.7
Dodging        | |  1.5
Stealth        | |  3.0
Spellcasting   | |  2.6
Poison Magic   | |  4.6

Action                   |  1- 3 |  4- 6 || total
-------------------------+-------+-------++-------
Melee: Unarmed           |    48 |     7 ||    55
 Cast: Sting             |    30 |     6 ||    36
 Abil: Spit Poison       |    24 |     2 ||    26
  Use: Potion            |     4 |       ||     4
  Eat: Chunk             |     3 |       ||     3
Armor: Robe              |    18 |       ||    18
Dodge: Dodged            |    39 |    10 ||    49
